 Dungeon Crawl Stone Soup version 0.31-a0-236-g9a0961fb85 (webtiles) character file.

Game seed: 8793921222768285327

58 Shard1697 the Chopper (level 4, 0/38 HPs)
             Began as a Meteoran Berserker on July 10, 2023.
             Was a Follower of Trog.
             Frozen to death by an endoplasm (3 damage)
             ... on level 2 of the Dungeon.
             The game lasted 00:01:38 (544 turns).

Shard1697 the Chopper (Meteoran Berserker)           Turns: 544, Time: 00:01:39

Health: 0/38       AC:  2    Str: 20    XL:     4   Next: 44%
Magic:  5/5        EV: 12    Int:  9    God:    Trog [*.....]
Gold:   29         SH:  8    Dex: 13    Spells: 3/3 levels left

rFire   . . .        a - +0 hand axe
rCold   . . .        f - +0 buckler
rNeg    . . .        b - +0 animal skin
rPois   .            (no helmet)
rElec   .            (no cloak)
rCorr   .            (no gloves)
SInv    .            (no boots)
Will    .....        d - amulet of reflection
Stlth   +            (no ring)
HPRegen 0.26/turn    (no ring)
MPRegen 0.09/turn

%: reflection
@: on berserk cooldown, slowed, glowing, very slow
A: sense surroundings 1, otherworldly, glowing, explore regen
a: Renounce Religion, Berserk


You were on level 2 of the Dungeon.
You worshipped Trog.
Trog was aware of your devotion.
You visited 1 branch of the dungeon, and saw 2 of its levels.

You collected 29 gold pieces.

Inventory:

Hand Weapons
 a - a +0 hand axe (weapon)
Armour
 b - a +0 animal skin (worn)
 f - a +0 buckler (worn)
Jewellery
 d - an amulet of reflection (around neck)
Scrolls
 g - a scroll of silence {unknown}
 h - 3 scrolls of teleportation {unknown}
Potions
 c - a potion of enlightenment {unknown}
 e - a potion of curing {unknown}
 i - a potion of degeneration {unknown}


   Skills:
 - Level 3.2 Fighting
 + Level 5.8 Axes
 - Level 2.4 Armour
 - Level 2.4 Dodging


You had 3 spell levels left.
You didn't know any spells.
Your spell library was empty.

Dungeon Overview and Level Annotations

Branches:
Dungeon (2/15) Zot: 645

Altars:


Innate Abilities, Weirdness & Mutations

You passively map a small area around you.
You are easily found by Zot.
You glow in the dark.
You regain HP and MP as you explore.


Message History

You hit the worm but do no damage.
The worm is moderately wounded.
You block the worm's attack.
You barely miss the worm.
The worm is lightly wounded.
The worm closely misses you.
You hit the worm.
The worm is moderately wounded.
You hit the worm.
The worm is moderately wounded.
The worm bites you!
* * * LOW HITPOINT WARNING * * *
You hit the worm.
The worm is severely wounded.
The worm bites you.
* * * LOW HITPOINT WARNING * * *
A red film seems to cover your vision as you go berserk!
You feel yourself moving faster!
You feel mighty!
You slash the worm!
You kill the worm!
Trog accepts your kill.
You see here a worm corpse.
You feel a strong urge to attack something.
The endoplasm quivers.
You feel your anger nearly subside.
You are no longer berserk.
You are exhausted.
You feel yourself slow down. You block the endoplasm's attack.
You barely miss the endoplasm. The endoplasm freezes you.
You are frozen.
* * * LOW HITPOINT WARNING * * *
You hit the endoplasm.
The endoplasm is severely wounded.
The endoplasm freezes you.
You are frozen.
* * * LOW HITPOINT WARNING * * *
The endoplasm freezes you.
You are frozen.
You die...

....# #.# , * ....# #.#
* ..### #.# . , * #.#
#.# , .. * #†# #.### ...
,
#.#########...######....
............††...#......
,
##.###########..........
* ...# #......@J......
..................##....
..................# ...,
#....#..####......# ,
.......##**#....... ,,
...##... .........# *, *
#.## .#......<.....# #.#
.######.......# , , *


You could see an endoplasm.

Vanquished Creatures
  2 adders (D:2)
  2 worms (D:2)
  2 dart slugs
  4 ball pythons
  A bat (D:2)
  2 endoplasms (D:1)
  A giant cockroach (D:1)
  3 goblins (D:1)
  5 hobgoblins
  2 jackals (D:1)
  4 frilled lizards (D:1)
  2 rats (D:1)
30 creatures vanquished.

Notes
Turn   | Place    | Note
-------+----------+-------------------------------------------
     0 | D:1      | Shard1697 the Meteoran Berserker began the quest for the
                  | Orb.
     0 | D:1      | Reached XP level 1. HP: 19/19 MP: 2/2
   104 | D:1      | Reached skill level 4 in Axes
   112 | D:1      | Reached XP level 2. HP: 26/26 MP: 3/3
   280 | D:1      | Reached XP level 3. HP: 17/31 MP: 4/4
   359 | D:1      | Reached skill level 5 in Axes
   475 | D:2      | Reached XP level 4. HP: 9/38 MP: 5/5
   544 | D:2      | Frozen to death by an endoplasm

Illustrated notes

Levels and vault maps discovered:
D:1:      kilobyte_arrival_exit_the_forest, layout_basic
D:2:      layout_rooms, serial_shops, shop, minmay_vboxes

Skill      XL: |  1  2  3 |
---------------+----------+-----
Axes           | 4 5 |  5.8
Fighting       | |  3.2
Armour         | |  2.4
Dodging        | |  2.4

Action                     |  1- 3 |  4- 6 || total
---------------------------+-------+-------++-------
  Melee: Hand axe          |    69 |    26 ||    95
 Invoke: Berserk           |       |     1 ||     1
 Armour: Animal skin       |    11 |       ||    11
  Dodge: Dodged            |    17 |     5 ||    22
  Block: Other             |     4 |       ||     4
         Buckler           |    25 |     7 ||    32
         Reflection        |     1 |       ||     1

Table legend: (Time is in decaauts)
 A = Elapsed time spent in this place.
 B = Non-inter-level travel time spent in this place.
 C = Inter-level travel time spent in this place.
 D = Time resting spent in this place.
 E = Time spent auto-exploring this place.
 F = Levels seen in this place.
 G = Mean time per level.
                   A        B        C        D        E       F      G
               +--------+--------+--------+--------+--------+-----+--------+
         Total |    553 |    498 |     55 |      0 |     90 |   2 |  276.5 |
       Dungeon |    553 |    498 |     55 |      0 |     90 |   2 |  276.5 |
               +--------+--------+--------+--------+--------+-----+--------+

Top non-repeatable levels by time:
     D:1: 434 daAuts
     D:2: 118 daAuts
